 Dungeon Crawl Stone Soup version 0.30.0-10-gfe55d96785 (webtiles) character file.

Game seed: 8382105115224131785

69 qeuew the Shooter (level 4, -5/34 HPs)
             Began as a Formicid Hunter on May 15, 2023.
             Slain by a gnoll
             ... wielding a +0 flail
              (9 damage)
             ... on level 3 of the Dungeon.
             The game lasted 00:01:27 (1290 turns).

qeuew the Shooter (Formicid Hunter)                 Turns: 1290, Time: 00:01:27

Health: -5/34      AC:  3    Str: 15    XL:     4   Next: 42%
Magic:  4/4        EV: 12    Int:  9    God:
Gold:   108        SH:  0    Dex: 19    Spells: 3/3 levels left

rFire   . . .        a - +0 shortbow (heavy)
rCold   . . .        (no shield)
rNeg    . . .        c - +0 leather armour
rPois   .            (helmet unavailable)
rElec   .            (no cloak)
rCorr   .            (no gloves)
SInv    +            (no boots)
Will    .....        (no amulet)
Stlth   ++           (no ring)
HPRegen 0.25/turn    (no ring)
MPRegen 0.09/turn

%: no passive effects
@: no status effects
A: permanent stasis, dig shafts and tunnels, antennae 3, four strong arms
a: Dig, Shaft Self


You were on level 3 of the Dungeon.
You visited 1 branch of the dungeon, and saw 3 of its levels.

You collected 108 gold pieces.

Inventory:

Hand Weapons
 a - a +0 heavy shortbow (weapon)
Armour
 c - a +0 leather armour (worn)
Scrolls
 b - a scroll of immolation
 d - a scroll of identify
 e - a scroll of teleportation {unknown}
 f - a scroll of fear
 h - a scroll of enchant armour {unknown}
Potions
 g - a potion of heal wounds


   Skills:
 + Level 2.8 Fighting
 * Level 4.5 Ranged Weapons
 + Level 1.3 Armour
 + Level 2.2 Dodging
 + Level 2.2 Stealth


You had 3 spell levels left.
You didn't know any spells.
Your spell library was empty.

Dungeon Overview and Level Annotations

Branches:
Dungeon (3/15)

Altars:
Uskayaw


Innate Abilities, Weirdness & Mutations

You cannot be hasted, slowed, berserked, paralysed or teleported.
You can dig through walls and to a lower floor.
You have a pair of large antennae on your head. (SInv)
Your four strong arms can wield two-handed weapons with a shield.


Message History

The gnoll shouts!
A gnoll comes into view. It is wielding a +0 flail.
The gnoll moves out of view.
A gnoll comes into view. It is wielding a +0 flail.
You shoot an arrow. The gnoll shouts!
The arrow hits the gnoll!
The gnoll is severely wounded.
A gnoll comes into view. It is wielding a +0 spear.
The gnoll moves out of view.
There are monsters nearby!
You shoot an arrow. The arrow closely misses the gnoll.
The gnoll throws a throwing net.
The throwing net hits you.
You become entangled in the net!
There are monsters nearby!
You cannot shoot with your shortbow while held in a net.
There are monsters nearby!
You cannot shoot with your shortbow while held in a net.
There are monsters nearby!
Unknown command.
You tear a large gash into the net.
You shred the net and break free! The gnoll attacks as you move away!
The gnoll hits you with a +0 flail! The gnoll attacks as you move away!
The gnoll hits you with a +0 flail.
Fire: a) +0 shortbow (heavy)
Press: ? - help, Q - select action, (/) - cycle Shift-Dir - straight line, f/p - gnoll
Aim: a gnoll, wielding a +0 flail (68% to hit)
You shoot an arrow. The arrow hits the gnoll!
You kill the gnoll!
The gnoll hits you with a +0 flail!
Okay, then.
Fire: a) +0 shortbow (heavy)
Press: ? - help, Q - select action, (/) - cycle Shift-Dir - straight line, f - gnoll
Aim: a gnoll, wielding a +0 flail (severely wounded, 68% to hit)
You shoot an arrow. The arrow closely misses the gnoll.
The arrow hits the gnoll but does no damage.
The gnoll hits you with a +0 flail!
* * * LOW HITPOINT WARNING * * *
The gnoll hits you with a +0 flail!
You die...

......####...#.. ##
................ {.
.......g........ #
.......!........ #
#...{.......#.##........#
#...# #.#.##..^.....# #...#
#.#..#........##
.####...####.#.............
.........gg@..............#.
######...####.#..##.... #.
#...# #.#..###.## #. #...#
#.#.......#####.
#...####.#.#####....##.
#........#.# ####.##.
.........#.########.)#.
..##..................#.
#.....##.#########...


You could see 2 gnolls.

Vanquished Creatures
  A gnoll (D:3)
  An adder (D:2)
  A worm (D:2)
  4 ball pythons
  2 bats (D:2)
  4 endoplasms
  4 giant cockroaches
  5 goblins
  A hobgoblin (D:1)
  11 jackals (D:2)
  2 kobolds
  2 quokkas
  A frilled lizard (D:1)
  A rat (D:1)
40 creatures vanquished.

Notes
Turn   | Place    | Note
-------+----------+-------------------------------------------
     0 | D:1      | qeuew the Formicid Hunter began the quest for the Orb.
     0 | D:1      | Reached XP level 1. HP: 16/16 MP: 1/1
   324 | D:1      | Reached XP level 2. HP: 22/22 MP: 2/2
   650 | D:2      | Found a hide-covered altar of Uskayaw.
   653 | D:2      | Reached skill level 1 in Armour
   653 | D:2      | Reached XP level 3. HP: 28/28 MP: 3/3
   871 | D:2      | Reached XP level 4. HP: 32/34 MP: 4/4
  1290 | D:3      | Slain by a gnoll

Illustrated notes

Levels and vault maps discovered:
D:1:      ncdulo_watergridlock, layout_loops_ring
D:2:      layout_basic, basic_altar
D:3:      layout_basic, fedhas_altar_4

Skill      XL: |  1  2  3 |
---------------+----------+-----
Dodging        | 2 |  2.2
Armour         | 1 |  1.3
Stealth        | 2 |  2.2
Fighting       | |  2.8
Ranged Weapons | |  4.5

Action                     |  1- 3 |  4- 6 || total
---------------------------+-------+-------++-------
   Fire: Shortbow          |    57 |    23 ||    80
Ability: Dig               |     6 |       ||     6
    Use: Scroll            |     4 |     2 ||     6
         Potion            |     2 |       ||     2
 Armour: Leather armour    |    14 |     2 ||    16
  Dodge: Dodged            |    44 |     2 ||    46
